 Dungeon Crawl Stone Soup version 0.29-a0-561-ga02bf68b3c (webtiles) character file.

Game seed: 15651284435281675449

280 KristoblXynda the Cutter (level 6, 0/39 HPs)
             Began as a Kobold Berserker on June 11, 2022.
             Was a Priest of Trog.
             Splashed by a jelly's acid (7 damage)
             ... on level 4 of the Dungeon.
             The game lasted 00:04:14 (5134 turns).

KristoblXynda the Cutter (Kobold Berserker)         Turns: 5134, Time: 00:04:15

Health: 0/39       AC: -6    Str: 22    XL:     6   Next: 52%
Magic:  6/6        EV: 19    Int:  8    God:    Trog [***...]
Gold:   176        SH:  0    Dex: 15    Spells: 5/5 levels left

rFire   . . .      SeeInvis .   a - +0 short sword
rCold   + . .      Faith    .   (no shield)
rNeg    . . .      Spirit   .   z - +0 leather armour {rC+}
rPois   .          Reflect  .   o - +0 helmet
rElec   .          Harm     .   (no cloak)
rCorr   .          Rampage  .   v - +0 pair of gloves
Will    .....                   (no boots)
Stlth   +++.......              (no amulet)
HPRegen 0.13/turn               k - +4 ring of evasion
MPRegen 0.10/turn               p - +6 ring of strength

@: corroded
A: small, no large weapons, nightstalker 3
a: Renounce Religion, Berserk, Trog's Hand


You were on level 4 of the Dungeon.
You worshipped Trog.
Trog was most pleased with you.
You visited 1 branch of the dungeon, and saw 4 of its levels.

You collected 176 gold pieces.

Inventory:

Hand Weapons
 a - a +0 short sword (weapon)
Armour
 o - a +0 helmet (worn)
 v - a +0 pair of gloves (worn)
 z - a +0 leather armour of cold resistance (worn)
Jewellery
 k - a +4 ring of evasion (left hand)
 p - a +6 ring of strength (right hand)
Scrolls
 c - a scroll of blinking {unknown}
 f - a scroll of vulnerability {unknown}
 g - a scroll of immolation {unknown}
 j - a scroll of teleportation {unknown}
 n - a scroll of amnesia
 r - 3 scrolls of fear
 s - a scroll of enchant weapon {unknown}
 t - a scroll of torment {unknown}
 u - a scroll of magic mapping
 y - a scroll of enchant armour {unknown}
Potions
 b - 2 potions of curing {unknown}
 d - a potion of mutation
 e - a potion of might {unknown}
 h - a potion of haste {unknown}
 i - a potion of flight {unknown}
 l - a potion of berserk rage {unknown}
 m - a potion of magic {unknown}
 q - a potion of heal wounds {unknown}
 w - a potion of attraction {unknown}


   Skills:
 + Level 4.4 Fighting
 + Level 5.3 Short Blades
 + Level 2.6 Armour
 + Level 4.0 Dodging
 + Level 3.6 Stealth


You had 5 spell levels left.
You didn't know any spells.
Your spell library contained the following spells:

 Spells                   Type           Power      Damage    Failure   Level
 Cause Fear               Hex            0%         N/A       99%         4
 Dragon Form              Tmut           0%         N/A       100%        7
 Chain Lightning          Conj/Air       0%         N/A       100%        9
 Dragon's Call            Summ           0%         N/A       100%        9
 Fire Storm               Conj/Fire      0%         5d1       100%        9
 Shatter                  Erth           0%         3d5*      100%        9


Dungeon Overview and Level Annotations

Branches:
Dungeon (4/15)
 Temple: D:4-7

Altars:

Shops:
D:3 [


Innate Abilities, Weirdness & Mutations

You are small and have problems with some larger weapons.
You are completely attuned to the shadows.


Message History

Trog accepts your kill.
The endoplasm hits the fungus.
You hit the jelly but do no damage. The acid corrodes you!
Your hands burn!
The jelly misses you.
The endoplasm hits the fungus.
Something hits the fungus. x2
The fungus is splashed with acid.
The fungus seems to be corroded for longer.
You hit the jelly but do no damage.
Your hands burn!
You barely miss the jelly.
Something hits the fungus.
The jelly closely misses you.
The endoplasm hits the fungus.
Something hits the fungus.
The fungus is splashed with acid.
You hit the jelly. The acid corrodes you!
Your hands burn!
The jelly is lightly wounded.
The jelly closely misses you.
The endoplasm hits the fungus.
You hit the jelly but do no damage. The acid corrodes you!
Your hands burn!
The jelly is lightly wounded.
A nearby fungus withers and dies.
The jelly completely misses you.
Okay, then.
You hit the jelly but do no damage.
Your hands burn!
The jelly is lightly wounded.
The jelly completely misses you. The jelly attacks as you move away!
The jelly hits you.
You are splashed with acid!
* * * LOW HITPOINT WARNING * * *
Your skin crawls.
You feel strong-willed. The jelly barely misses you.
The jelly attacks as you move away! The jelly completely misses you.
The jelly jiggles.
You feel the effects of Trog's Hand fading.
The jelly attacks as you move away! The jelly barely misses you.
The jelly attacks as you move away! The jelly barely misses you.
There is an open door here.
You aren't carrying any items that you can evoke.
Your skin stops crawling.
You feel less strong-willed. The jelly hits you. The acid corrodes you!
You are splashed with acid!
* * * LOW HITPOINT WARNING * * *
The jelly attacks as you move away! The jelly hits you.
* * * LOW HITPOINT WARNING * * *
You are splashed with acid!
You die...

.....##.............#
#.#
.....###............#
#.#
....................#
#.#
.............####'###
#.# ........#.....#
#.# #.#
.....#####'''##
#.#####.# ....##
##).)## #.......#
##())).###########
#...@...# #...J...#
#.......# #.......#
#....#### #....'..##
########.# ##..JJ..##
##)#######


You could see a jelly.

Vanquished Creatures
  A hound (D:4)
  Jessica (D:2)
  An iguana (D:4)
  Robin (D:2)
  6 adders
  A worm (D:3)
  6 dart slugs
  7 orcs
  9 ball pythons
  9 bats
  12 endoplasms
  A giant cockroach (D:1)
  13 goblins
  16 hobgoblins
  A jackal (D:3)
  4 quokkas
  3 frilled lizards
  15 kobolds
  2 rats
109 creatures vanquished.

Vanquished Creatures (others)
  6 fungi (D:4)
  A plant (D:1)
  6 toadstools (D:4)
13 creatures vanquished.

Grand Total: 122 creatures vanquished

Notes
Turn   | Place    | Note
-------+----------+-------------------------------------------
     0 | D:1      | KristoblXynda the Kobold Berserker began the quest for the
                  | Orb.
     0 | D:1      | Reached XP level 1. HP: 14/14 MP: 1/1
   154 | D:1      | Found a faded altar of an unknown god.
   221 | D:1      | Reached XP level 2. HP: 19/19 MP: 2/2
   335 | D:1      | Reached skill level 1 in Stealth
   766 | D:1      | Reached XP level 3. HP: 23/23 MP: 3/3
  1457 | D:2      | Reached ** piety under Trog
  2018 | D:2      | Reached XP level 4. HP: 29/29 MP: 4/4
  2158 | D:2      | Noticed Robin
  2225 | D:2      | Killed Robin
  2903 | D:2      | Noticed Jessica
  2907 | D:2      | Killed Jessica
  2908 | D:2      | Reached XP level 5. HP: 33/33 MP: 5/5
  3583 | D:3      | Reached *** piety under Trog
  3722 | D:3      | Reached skill level 5 in Short Blades
  3798 | D:3      | Found Ithidoadgh's Armour Boutique.
  4146 | D:3      | Reached XP level 6. HP: 38/38 MP: 6/6
  5134 | D:4      | Splashed by a jelly's acid

Illustrated notes

Levels and vault maps discovered:
D:1:      kilobyte_arrival_exit_the_forest, layout_loops_ring,
          dreamdust_ecumenical_altar_statues, serial_bayou_pond_e
D:2:      layout_loops_cross, kennysheep_cross_room, minmay_quadrilaterals,
          uniq_jessica, uniq_robin
D:3:      layout_basic, serial_shops, nicolae_shop_trees, st_stairs_10,
          minmay_circle_x
D:4:      cheibrodos_fertilizer, layout_basic, grunt_tough_drop

Skill      XL: |  1  2  3  4  5  6 |
---------------+-------------------+-----
Stealth        | 1 2 3 |  3.6
Armour         | 2 |  2.6
Dodging        | 3 4 |  4.0
Fighting       | 4 |  4.4
Short Blades   | 5 |  5.3

Action                   |  1- 3 |  4- 6 || total
-------------------------+-------+-------++-------
Melee: Short sword       |   110 |   276 ||   386
       Punch             |       |     2 ||     2
Invok: Berserk           |     1 |     2 ||     3
       Trog's Hand       |       |     1 ||     1
  Use: Scroll            |       |     6 ||     6
 Stab: Sleeping          |    10 |    16 ||    26
Armor: Animal skin       |    14 |       ||    14
       Ring mail         |     7 |    51 ||    58
       Leather armour    |       |     6 ||     6
Dodge: Dodged            |    74 |   193 ||   267

Table legend: (Time is in decaauts)
 A = Elapsed time spent in this place.
 B = Non-inter-level travel time spent in this place.
 C = Inter-level travel time spent in this place.
 D = Time resting spent in this place.
 E = Time spent auto-exploring this place.
 F = Levels seen in this place.
 G = Mean time per level.
                   A        B        C        D        E       F      G
               +--------+--------+--------+--------+--------+-----+--------+
         Total |   5112 |   5005 |    107 |   1209 |   3030 |   4 | 1278.0 |
       Dungeon |   5112 |   5005 |    107 |   1209 |   3030 |   4 | 1278.0 |
               +--------+--------+--------+--------+--------+-----+--------+

Top non-repeatable levels by time:
     D:2: 1791 daAuts
     D:1: 1313 daAuts
     D:3: 1246 daAuts
     D:4: 762 daAuts
